Map: Vaani Research Station (Void)

Players

losira

  • Race: Zerg Zerg
  • Spawn Location: 6:00

Stats - Winner!

  • Race: Protoss Protoss
  • Spawn Location: 12:00

Event: IEM Season 11 - Gyeonggi

VOD

Have the link to the VOD?

Description

Time

  • Played on: Dec. 14, 2016, 12:17 a.m.
  • Length: 10:13

All games in this series

Show
View Real Time Build Order
Export as new Build Order

losira Zerg 

Build Orders: 3 Hatch before Pool 

Get SALT Encoding   

  12  0:00  Drone  
  13  0:08  Drone  
  14  0:17  Overlord  
  14  0:23  Drone, Extractor  
  15  0:36  Drone x2  
  17  0:53  Hatchery  
  17  0:56  Drone  
  17  1:00  Drone  
  18  1:06  Drone  
  19  1:17  Drone  
  20  1:29  Hatchery  
  19  1:35  Drone  
  20  1:42  Spawning Pool  
  20  1:45  Drone  
  20  1:49  Drone  
  21  1:55  Extractor  
  21  2:00  Drone  
  21  2:05  Drone  
  22  2:11  Drone  
  23  2:17  Drone  
  24  2:29  Queen  
  26  2:30  Queen  
  26  2:33  Overlord  
  28  2:40  Queen  
  28  2:43  Drone  
  28  2:44  Drone x2  
  33  2:48  Drone  
  33  2:50  Overlord  
  34  2:53  Drone x2  
  34  2:55  Drone  
  37  2:58  Drone  
  37  3:04  Zergling x2  
  39  3:06  Pneumatized Carapace  
  39  3:07  Drone  
  40  3:13  Queen  
  40  3:18  Drone  
  40  3:19  Overlord  
  43  3:23  Drone, Extractor  
  43  3:26  Drone x2  
  45  3:27  Drone  
  45  3:33  Metabolic Boost  
  46  3:36  Roach Warren  
  46  3:37  Drone  
  46  3:40  Drone  
  47  3:42  Drone  
  47  3:43  Drone  
  47  3:46  Drone x2  
  51  3:50  Overlord  
  51  4:04  Lair  
  51  4:06  Drone x3  
  51  4:08  Drone x3  
  57  4:10  Drone x3  
  57  4:11  Drone  
  57  4:12  Drone  
  57  4:15  Overlord  
  62  4:19  Drone, Spore Crawler  
  62  4:23  Drone, Spore Crawler  
  62  4:25  Spore Crawler  
  62  4:27  Overlord  
  62  4:30  Roach  
  62  4:31  Roach  
  65  4:33  Zergling x2  
  65  4:34  Roach  
  65  4:36  Roach  
  70  4:39  Roach  
  70  4:40  Roach  
  70  4:44  Overlord  
  74  4:49  Roach x3  
  74  4:50  Zergling x4  
  82  4:54  Overlord  
  82  4:55  Extractor  
  80  5:00  Drone x2, Spine Crawler  
  80  5:04  Drone x3  
  80  5:06  Overlord  
  84  5:09  Hydralisk Den  
  84  5:13  Overlord  
  83  5:19  Extractor  
  83  5:20  Zergling x6  
  85  5:22  Drone x2  
  84  5:28  Overlord  
  81  5:40  Drone, Muscular Augments  
  81  5:41  Drone x2, Spine Crawler  
  81  5:42  Hydralisk  
  83  5:43  Spine Crawler  
  83  5:44  Spine Crawler  
  83  5:45  Hydralisk  
  83  5:49  Overlord  
  85  5:52  Hydralisk  
  85  5:55  Queen x2  
  85  5:57  Queen  
  91  5:59  Hydralisk  
  94  6:05  Hydralisk  
  94  6:08  Overlord  
  94  6:09  Hydralisk  
  98  6:13  Drone, Hydralisk  
  98  6:14  Drone x2  
  98  6:17  Drone, Overlord  
  98  6:18  Hydralisk, Extractor  
  105  6:20  Hydralisk, Overlord  
  109  6:35  Drone x2  
  109  6:36  Drone  
  109  6:38  Drone x7, Infestation Pit  
  118  6:40  Extractor  
  118  6:41  Drone  
  118  6:42  Evolution Chamber  
  118  6:45  Drone x3  
  116  6:47  Hydralisk  
  116  6:49  Hydralisk  
  116  6:53  Zergling x2  
  116  6:54  Zergling x6  
  124  6:59  Hydralisk  
  124  7:00  Overlord  
  126  7:07  Overlord  
  126  7:08  Roach x3  
  132  7:12  Roach x2  
  137  7:15  Roach  
  137  7:18  Overlord  
  137  7:20  Hive  
  136  7:26  Zerg Missile Weapons Level 1  
  136  7:29  Roach x2  
  140  7:30  Zergling x10  
  145  7:37  Overlord  
  145  7:42  Zergling x10  
  150  7:54  Overseer  
  150  7:57  Overlord  
  150  7:58  Overlord x3  
  150  8:04  Hatchery  
  149  8:10  Drone x2  
  151  8:14  Spine Crawler x2  
  151  8:19  Hatchery  
  147  8:33  Viper x2  
  153  8:34  Viper  
  153  8:38  Roach  
  153  8:41  Roach  
  157  8:42  Hydralisk  
  157  8:45  Roach  
  157  8:46  Roach  
  161  8:48  Roach, Evolution Chamber  
  161  8:50  Evolution Chamber  
  161  8:52  Roach  
  161  8:54  Roach, Evolution Chamber  
  158  8:55  Roach  
  158  8:56  Roach, Evolution Chamber  
  158  8:57  Zergling x2  
  158  8:59  Roach  
  158  9:00  Roach x6  
  165  9:04  Hydralisk x3  
  165  9:07  Hydralisk  
  155  9:10  Roach  
  155  9:16  Hydralisk  
  122  9:21  Roach  
  122  9:23  Roach  
  106  9:28  Roach  
  92  9:31  Hydralisk  
  92  9:32  Hydralisk  
  92  9:33  Roach  
  92  9:36  Roach  
  87  9:39  Roach  
  87  9:44  Roach  
  91  9:48  Roach x2  
  91  9:50  Zergling x2  
  91  9:51  Roach, Zergling x4  
Show
View Real Time Build Order
Export as new Build Order

Stats Protoss - Winner!

Build Orders: Nexus First, Zealot Archon, Dark Templar Rush 

Get SALT Encoding   

  12  0:00  Probe (Chrono Boost)  
  13  0:11  Probe (Chrono Boost)  
  14  0:17  Pylon  
  14  0:22  Probe (Chrono Boost)  
  15  0:36  Probe (Chrono Boost)  
  16  0:46  Probe (Chrono Boost)  
  17  0:59  Nexus  
  17  1:09  Gateway  
  17  1:13  Probe (Chrono Boost)  
  17  1:18  Assimilator  
  18  1:23  Probe (Chrono Boost)  
  19  1:26  Assimilator  
  19  1:34  Probe (Chrono Boost)  
  19  1:37  Pylon  
  20  1:44  Probe (Chrono Boost)  
  21  1:55  Probe (Chrono Boost)  
  21  1:56  Cybernetics Core  
  21  1:59  Zealot  
  24  2:05  Probe (Chrono Boost)  
  25  2:11  Probe (Chrono Boost)  
  26  2:16  Probe (Chrono Boost)  
  26  2:22  Probe (Chrono Boost)  
  28  2:26  Probe (Chrono Boost)  
  29  2:31  Probe (Chrono Boost)  
  29  2:32  Warp Gate, Stalker (Chrono Boost)  
  32  2:39  Probe  
  32  2:41  Probe  
  34  2:45  Twilight Council  
  34  2:51  Probe (Chrono Boost)  
  35  2:52  Probe (Chrono Boost)  
  36  3:03  Probe (Chrono Boost)  
  36  3:04  Probe (Chrono Boost)  
  38  3:06  Robotics Facility  
  38  3:13  Probe (Chrono Boost)  
  38  3:14  Probe (Chrono Boost)  
  40  3:22  Dark Shrine  
  40  3:24  Probe (Chrono Boost)  
  40  3:25  Probe (Chrono Boost)  
  42  3:34  Gateway  
  42  3:35  Gateway  
  42  3:39  Gateway  
  42  3:43  Pylon  
  42  3:45  Probe (Chrono Boost)  
  44  3:49  Mothership Core (Chrono Boost)  
  44  3:53  Assimilator  
  44  3:54  Assimilator  
  45  4:00  Probe  
  45  4:01  Warp Prism (Chrono Boost)  
  48  4:10  Probe x2  
  48  4:11  Pylon  
  48  4:15  Pylon  
  50  4:21  Probe  
  50  4:22  Probe  
  52  4:41  Dark Templar x3  
  52  4:43  Dark Templar  
  60  4:53  Gateway x2  
  60  4:54  Gateway  
  60  4:55  Gateway  
  60  4:57  Archon  
  60  4:58  Immortal (Chrono Boost), Archon  
  64  5:09  Pylon  
  64  5:10  Pylon  
  64  5:13  Charge (Chrono Boost)  
  64  5:30  Immortal  
  68  5:36  Sentry  
  68  5:37  Zealot x3  
  68  5:42  Pylon x2  
  76  5:51  Sentry x2  
  76  5:52  Zealot x2  
  76  5:54  Pylon  
  84  6:06  Observer  
  85  6:14  Pylon  
  85  6:18  Sentry x2  
  89  6:23  Zealot x6  
  89  6:25  Immortal  
  105  6:33  Pylon  
  105  6:47  Nexus  
  105  6:51  Pylon  
  105  7:09  Dark Templar x2  
  105  7:11  Dark Templar x2  
  105  7:14  Warp Prism  
  113  7:20  Zealot x2  
  113  7:21  Archon  
  113  7:22  Archon  
  109  7:25  Zealot  
  109  7:27  Zealot  
  113  7:40  Probe x2  
  115  7:47  Dark Templar x2  
  115  7:49  Zealot x3  
  125  7:54  Archon  
  125  7:56  Dark Templar x2  
  129  8:00  Zealot  
  129  8:01  Archon  
  129  8:04  Probe x3  
  134  8:15  Zealot x2  
  134  8:16  Zealot  
  138  8:30  Zealot  
  138  8:31  Zealot x3  
  146  8:36  Zealot  
  144  8:48  Dark Templar x2  
  144  8:52  Archon  
  143  9:05  Zealot x3  
  143  9:06  Zealot x3  
  115  9:22  Zealot x2  
  113  9:27  Zealot x6  
  115  9:33  Immortal  
  119  9:39  Probe  
  119  9:40  Probe x2  
  122  9:49  Zealot x6  
  124  10:01  Zealot x2  

Tags
 
Add a new tag
Caveats
  • Supply blocks, unpowered buildings, or Contaminate may cause inaccurate times.
  • Supply counts are checked every 10 seconds.